 Dungeon Crawl Stone Soup version 0.25.1-9-gc5326a611f (webtiles) character file.

Game seed: 5531907522176995337

2039 raphaelitos the Magician (level 9, -8/69 HPs)
             Began as a Gnoll Skald on Dec 19, 2020.
             Was a Priest of Makhleb.
             Mangled by Harold
             ... wielding a +0 halberd
              (21 damage)
             ... on level 7 of the Dungeon on Dec 22, 2020.
             The game lasted 00:18:32 (6803 turns).

raphaelitos the Magician (Gnoll Skald)              Turns: 6803, Time: 00:18:32

Health: -8/69      AC:  6    Str: 16    XL:     9   Next: 24%
Magic:  9/18       EV: 30    Int: 17    God:    Makhleb [***...]
Gold:   488        SH:  0    Dex: 14    Spells: 7/20 levels left

rFire    . . .     SeeInvis +   v - +5 spear (vorpal)
rCold    . . .     Gourm    .   (no shield)
rNeg     . . .     Faith    .   b - +1 leather armour
rPois    .         Spirit   .   q - +0 mask of the Dragon {MR+ Slay+3 SInv}
rElec    .         Reflect  .   f - +1 cloak {Stlth+}
rCorr    .         Harm     .   (no gloves)
MR       +....                  (no boots)
Stlth    ++........             r - amulet of the acrobat
HPRegen  0.21/turn              (no ring)
MPRegen  0.16/turn              (no ring)

@: marked, infused, acrobat
A: distributed training, fangs 1, strong nose
a: Minor Destruction, Lesser Servant of Makhleb, Renounce Religion


You were on level 7 of the Dungeon.
You worshipped Makhleb.
Makhleb was most pleased with you.
You were hungry.

You visited 2 branches of the dungeon, and saw 8 of its levels.

You collected 488 gold pieces.

Inventory:

Hand Weapons
 a - a +0 falchion
 v - a +5 vorpal spear (weapon)
Missiles
 g - 4 atropa-tipped darts
 h - 118 arrows
 k - 6 javelins (quivered)
 n - 18 poisoned darts
Armour
 b - a +1 leather armour (worn)
 f - a +1 cloak of stealth (worn)
 q - the +0 mask of the Dragon (worn) {MR+ Slay+3 SInv}
   (You found it on level 4 of the Dungeon)

   It affects your accuracy and damage with ranged weapons and melee attacks
   (+3).
   It affects your resistance to hostile enchantments.
   It lets you see invisible.
 u - a +0 helmet
Jewellery
 r - an amulet of the acrobat (around neck)
Wands
 o - a wand of disintegration (5)
Scrolls
 i - 2 scrolls of remove curse
 j - a scroll of amnesia
 p - a scroll of blinking
 t - a scroll of magic mapping
Potions
 c - 2 potions of flight
 e - a potion of stabbing
 l - a potion of invisibility {unknown}
 s - 3 potions of curing
 x - a potion of haste
Comestibles
 d - 11 rations


   Skills:
 + Level 6.1 Fighting
 + Level 4.0 Short Blades
 + Level 6.1 Long Blades
 + Level 4.0 Axes
 + Level 4.0 Maces & Flails
 + Level 4.0 Polearms
 + Level 4.0 Staves
 + Level 4.0 Slings
 + Level 4.0 Bows
 + Level 4.0 Crossbows
 + Level 4.0 Throwing
 + Level 4.8 Armour
 + Level 6.1 Dodging
 + Level 4.0 Stealth
 + Level 4.0 Shields
 + Level 4.0 Unarmed Combat
 + Level 6.4 Spellcasting
 + Level 3.2 Conjurations
 + Level 3.2 Hexes
 + Level 6.4 Charms
 + Level 3.2 Summonings
 + Level 3.2 Necromancy
 + Level 3.2 Translocations
 + Level 3.2 Transmutations
 + Level 3.2 Fire Magic
 + Level 3.2 Ice Magic
 + Level 3.2 Air Magic
 + Level 3.2 Earth Magic
 + Level 3.2 Poison Magic
 + Level 4.4 Invocations
 + Level 4.0 Evocations


You had 7 spell levels left.
You knew the following spells:

 Your Spells              Type           Power        Failure   Level  Hunger
a - Infusion              Chrm           ####         1%          1    None
b - Song of Slaying       Chrm           ####....     1%          2    None
c - Shroud of Golubria    Chrm/Tloc      ###...       3%          2    None
d - Ozocubu's Armour      Chrm/Ice       ###.....     6%          3    ##.....
e - Spectral Weapon       Hex/Chrm       ###.....     6%          3    ##.....
f - Animate Skeleton      Necr           N/A          3%          1    None
g - Apportation           Tloc           ###...       3%          1    None

Your spell library contained the following spells:

 Spells                   Type           Power        Failure   Level  Hunger
 Corona                   Hex            ###....      3%          1    None
 Summon Small Mammal      Summ           ###.         3%          1    None


Dungeon Overview and Level Annotations

Branches:
Dungeon (7/15)             Temple (1/1) D:6

Altars:
Ashenzari
Cheibriados
Dithmenos
Elyvilon
Fedhas
Gozag
Hepliaklqana
Kikubaaqudgha
Makhleb
Nemelex Xobeh
Okawaru
Qazlal
Ru
Sif Muna
Trog
Uskayaw
Vehumet
Wu Jian
Xom
Yredelemnul
Zin
The Shining One

Annotations:
D:7 Harold, Prince Ribbit


Innate Abilities, Weirdness & Mutations

Your experience applies equally to all skills.
You have very sharp teeth.
Your uncanny sense of smell can sniff out nearby items.


Message History

* * * LOW HITPOINT WARNING * * *
The orc misses you. The worker ant barely misses you.
An orc wizard comes into view. It is wielding a +0 dagger.
The necrophage barely misses you. The orc barely misses you.
You are feeling hungry.
You puncture the worker ant!
The worker ant is almost dead.
Your spectral weapon hits the worker ant.
You kill the worker ant!
Makhleb accepts your kill. The orc misses you.
The orc hits you but does no damage.
Harold says, "Listen, it's nothing personal.
It's just a job."
Harold hits you but does no damage. The necrophage closely misses you.
The orc hits you but does no damage.
The orc wizard hits your spectral weapon but does no damage.
An orc wizard comes into view. It is wielding a +0 dagger.
Your icy armour cracks and falls away as you move.
The orc wizard gestures wildly while chanting.
The orc wizard blinks!
Harold hits you with a +0 halberd!!
You die...

.. # ... )## ....
..# ...o## ..[###
....ยง.####..../.
.........o......
....F.ono......#
###..@@o......#
##...o(....##
##....##...#
##...# ..# #...#
.. ##... . ##..#
...


You could see Harold, Prince Ribbit, a necrophage, 3 orc wizards, 3 orcs and a
friendly spectral +5 vorpal spear.

Vanquished Creatures
  Grinder (D:6)
  Sigmund (D:6)
  A sky beast (D:5)
  3 ogres
  A phantom (D:5)
  6 bullfrogs
  A scorpion (D:6)
  A howler monkey (D:5)
  2 jellies (D:5)
  4 crimson imps
  3 hounds
  2 orc wizards
  An iguana (D:6)
  5 worker ants
  Robin (D:3)
  11 adders
  2 howler monkey skeletons
  A shadow imp (D:6)
  An ooze (D:1)
  2 worms
  4 dart slugs
  9 leopard geckos
  18 orcs
  7 giant cockroaches
  13 goblins
  16 hobgoblins
  11 jackals
  A quokka (D:2)
  4 ball pythons
  8 bats
  5 frilled lizards
  A jackal skeleton (D:5)
  8 kobolds
  2 quokka skeletons
  8 rats
165 creatures vanquished.

Vanquished Creatures (others)
  A spectral weapon (D:7)
1 creature vanquished.

Grand Total: 166 creatures vanquished

Notes
Turn   | Place    | Note
-------+----------+-------------------------------------------
     0 | D:1      | raphaelitos the Gnoll Skald began the quest for the Orb.
     0 | D:1      | Reached XP level 1. HP: 20/20 MP: 6/6
   103 | D:1      | Reached XP level 2. HP: 26/26 MP: 7/7
   825 | D:1      | Reached XP level 3. HP: 28/31 MP: 9/9
   867 | D:1      | Learned a level 2 spell: Song of Slaying
   870 | D:1      | Learned a level 2 spell: Shroud of Golubria
   874 | D:1      | Learned a level 3 spell: Ozocubu's Armour
   878 | D:1      | Learned a level 3 spell: Spectral Weapon
   903 | D:1      | Reached skill level 5 in Spellcasting
  1072 | D:2      | Reached skill level 1 in Invocations
  1240 | D:2      | Reached skill level 1 in Short Blades
  1240 | D:2      | Reached skill level 1 in Axes
  1240 | D:2      | Reached skill level 1 in Maces & Flails
  1240 | D:2      | Reached skill level 1 in Polearms
  1240 | D:2      | Reached skill level 1 in Staves
  1240 | D:2      | Reached skill level 1 in Slings
  1240 | D:2      | Reached skill level 1 in Bows
  1240 | D:2      | Reached skill level 1 in Crossbows
  1240 | D:2      | Reached skill level 1 in Throwing
  1240 | D:2      | Reached skill level 1 in Stealth
  1240 | D:2      | Reached skill level 1 in Shields
  1240 | D:2      | Reached skill level 1 in Unarmed Combat
  1240 | D:2      | Reached skill level 1 in Evocations
  1242 | D:2      | Reached XP level 4. HP: 29/38 MP: 4/11
  1672 | D:2      | Reached skill level 1 in Conjurations
  1672 | D:2      | Reached skill level 1 in Hexes
  1672 | D:2      | Reached skill level 1 in Summonings
  1672 | D:2      | Reached skill level 1 in Necromancy
  1672 | D:2      | Reached skill level 1 in Translocations
  1672 | D:2      | Reached skill level 1 in Transmutations
  1672 | D:2      | Reached skill level 1 in Fire Magic
  1672 | D:2      | Reached skill level 1 in Ice Magic
  1672 | D:2      | Reached skill level 1 in Air Magic
  1672 | D:2      | Reached skill level 1 in Earth Magic
  1672 | D:2      | Reached skill level 1 in Poison Magic
  1927 | D:2      | Found a bloodstained altar of Trog.
  2066 | D:2      | Found a burning altar of Makhleb.
  2189 | D:2      | Became a worshipper of Makhleb the Destroyer
  2192 | D:2      | Learned a level 1 spell: Animate Skeleton
  2194 | D:2      | Learned a level 1 spell: Apportation
  2307 | D:3      | Found a faded altar of an unknown god.
  2313 | D:3      | Reached XP level 5. HP: 32/43 MP: 4/12
  2620 | D:3      | Noticed Robin
  2623 | D:3      | Reached * piety under Makhleb
  2639 | D:3      | Killed Robin
  2642 | D:3      | HP: 2/43 [hobgoblin[Robin] (7)]
  3487 | D:3      | Reached XP level 6. HP: 40/50 MP: 13/13
  3705 | D:3      | Reached ** piety under Makhleb
  4304 | D:4      | Reached skill level 5 in Fighting
  4304 | D:4      | Reached skill level 5 in Long Blades
  4304 | D:4      | Reached skill level 5 in Dodging
  4619 | D:4      | Found the +0 mask of the Dragon {MR+ Slay+3 SInv}
  4830 | D:4      | Found a glowing silver altar of Zin.
  4830 | D:4      | Found an opulent altar of Gozag.
  5132 | D:5      | Entered Level 5 of the Dungeon
  5184 | D:5      | Reached XP level 7. HP: 46/56 MP: 6/15
  5553 | D:5      | Reached XP level 8. HP: 46/63 MP: 3/16
  5574 | D:5      | Reached *** piety under Makhleb
  6143 | D:6      | Noticed Grinder
  6143 | D:6      | Noticed Sigmund
  6161 | D:6      | Killed Sigmund
  6166 | D:6      | Killed Grinder
  6188 | D:6      | Reached XP level 9. HP: 66/69 MP: 14/18
  6238 | D:6      | Found a staircase to the Ecumenical Temple.
  6743 | Temple   | Entered the Ecumenical Temple
  6746 | D:6      | Upgraded the game from 0.25.1-8-g42b30a86e7 to
                  | 0.25.1-9-gc5326a611f
  6787 | D:7      | Noticed Harold
  6801 | D:7      | Noticed Prince Ribbit
  6803 | D:7      | Mangled by Harold

Illustrated notes

Levels and vault maps discovered:
D:1:      minmay_arrival_glassed_features, layout_basic
D:2:      layout_loops_ring, lemuel_crystal_altar, makhleb_blood_cavern_becter,
          first_ration
D:3:      minmay_inner_zag, layout_loops_ring,
          chequers_ecumenical_altar_simple_redux, minmay_unequal, uniq_robin
D:4:      layout_cave_pods, grunt_temple_overflow_gold_and_silver
D:5:      layout_rooms, chequers_serial_rivers_room_a
D:6:      layout_gridville, minmay_temple_entry_sparse_star, uniq_grinder,
          uniq_sigmund
D:7:      layout_layer_cave, uniq_prince_ribbit1, uniq_harold
Temple:   nicolae_temple_no_exploring_needed

Skill      XL: |  1  2  3  4  5  6  7  8  9 |
---------------+----------------------------+-----
Spellcasting   | 5 6 |  6.4
Invocations    | 1 2 3 4 |  4.4
Short Blades   | 1 2 3 4 |  4.0
Axes           | 1 2 3 4 |  4.0
Maces & Flails | 1 2 3 4 |  4.0
Polearms       | 1 2 3 4 |  4.0
Staves         | 1 2 3 4 |  4.0
Slings         | 1 2 3 4 |  4.0
Bows           | 1 2 3 4 |  4.0
Crossbows      | 1 2 3 4 |  4.0
Throwing       | 1 2 3 4 |  4.0
Stealth        | 1 2 3 4 |  4.0
Shields        | 1 2 3 4 |  4.0
Unarmed Combat | 1 2 3 4 |  4.0
Evocations     | 1 2 3 4 |  4.0
Conjurations   | 1 2 3 |  3.2
Hexes          | 1 2 3 |  3.2
Summonings     | 1 2 3 |  3.2
Necromancy     | 1 2 3 |  3.2
Translocations | 1 2 3 |  3.2
Transmutations | 1 2 3 |  3.2
Fire Magic     | 1 2 3 |  3.2
Ice Magic      | 1 2 3 |  3.2
Air Magic      | 1 2 3 |  3.2
Earth Magic    | 1 2 3 |  3.2
Poison Magic   | 1 2 3 |  3.2
Armour         | 3 4 |  4.8
Fighting       | 5 6 |  6.1
Long Blades    | 5 6 |  6.1
Dodging        | 5 6 |  6.1
Charms         | 6 |  6.4

Action                   |  1- 3 |  4- 6 |  7- 9 || total
-------------------------+-------+-------+-------++-------
Melee: Falchion          |    61 |    98 |       ||   159
       Bite              |     6 |    19 |    15 ||    40
       Punch             |       |     2 |     1 ||     3
       Spear             |       |   145 |   128 ||   273
Throw: Javelin           |       |       |     1 ||     1
 Cast: Infusion          |     4 |    11 |     4 ||    19
       Song of Slaying   |     1 |     5 |     2 ||     8
       Ozocubu's Armour  |       |     3 |     2 ||     5
       Spectral Weapon   |       |     3 |     4 ||     7
Evoke: Wand              |       |       |     1 ||     1
  Use: Scroll            |       |    15 |     1 ||    16
 Stab: Sleeping          |       |     7 |     2 ||     9
       Distracted        |       |     1 |       ||     1
  Eat: Chunk             |     1 |    12 |     3 ||    16
       Ration            |       |       |     1 ||     1
Armor: Leather armour    |    14 |    56 |    33 ||   103
Dodge: Dodged            |    42 |   183 |   112 ||   337
       Rpst.: Falchion   |    18 |    30 |       ||    48
